 Dungeon Crawl Stone Soup version 0.29-a0-8-g0446c0dae4 (webtiles) character file.

Game seed: 859194717283517295

107 robertstho the Sneak (level 4, -1/21 HPs)
             Began as a Spriggan Earth Elementalist on Jan 27, 2022.
             Slain by a black bear (6 damage)
             ... on level 6 of the Dungeon.
             The game lasted 00:04:08 (2895 turns).

robertstho the Sneak (Spriggan Earth Elementalist)  Turns: 2895, Time: 00:04:09

Health: -1/21      AC:  2    Str:  4    XL:     4   Next: 56%
Magic:  1/11       EV: 17    Int: 18    God:
Gold:   132        SH:  0    Dex: 15    Spells: 5/11 levels left

rFire   . . .      SeeInvis +   e - +0 short sword
rCold   . . .      Faith    .   (no shield)
rNeg    . . .      Spirit   .   b - +0 robe
rPois   .          Reflect  .   (helmet restricted)
rElec   .          Harm     .   (no cloak)
rCorr   .          Rampage  .   (gloves unavailable)
Will    .....                   (boots unavailable)
Stlth   +++.......              (no amulet)
HPRegen 0.07/turn               (no ring)
MPRegen 0.12/turn               (no ring)

@: attractive, flying, very slightly contaminated, very quick
A: very small, no large weapons, unfitting armour, see invisible, speed 3
a: no special abilities


You were on level 6 of the Dungeon.
You visited 1 branch of the dungeon, and saw 4 of its levels.

You collected 132 gold pieces.

Inventory:

Hand Weapons
 d - a +0 mace of holy wrath
 e - a +0 short sword (weapon)
Missiles
 c - 52 stones
Armour
 b - a +0 robe (worn)
Jewellery
 j - a ring of ice
Scrolls
 g - 3 scrolls of teleportation
 n - a scroll of torment {unknown}
 p - a scroll of vulnerability {unknown}
Potions
 i - 2 potions of flight
 k - a potion of resistance {unknown}
 l - a potion of invisibility {unknown}
 m - 2 potions of brilliance {unknown}
 o - a potion of berserk rage {unknown}


   Skills:
 * Level 0.7 Fighting
 + Level 1.0 Short Blades
 + Level 2.7 Dodging
 * Level 4.5 Stealth
 * Level 4.0 Spellcasting
 + Level 1.3 Transmutations
 + Level 3.4 Earth Magic


You had 5 spell levels left.
You knew the following spells:

 Your Spells              Type           Power      Damage    Failure   Level
a - Sandblast             Erth           32%        2d9       3%          1
b - Passwall              Tmut/Erth      10%        N/A       9%          2
c - Stone Arrow           Conj/Erth      18%        3d8       22%         3

Your spell library contained the following spells:

 Spells                   Type           Power      Damage    Failure   Level
 Static Discharge         Conj/Air       3%         N/A       22%         2
 Petrify                  Tmut/Erth      12%        N/A       47%         4
 Lightning Bolt           Conj/Air       1%         1d12      99%         5
 Maxwell's Capacitive Co  Air            1%         ∞         100%        8


Dungeon Overview and Level Annotations

Branches:
Dungeon (3/15)

Altars:
Wu Jian

Annotations:
D:6 Blork the orc


Innate Abilities, Weirdness & Mutations

You are very small and have problems with some larger weapons.
You are too small for most types of armour.
You have supernaturally acute eyesight. (SInv)
You cover ground extremely quickly. (Speed+++)


Message History

The black bear is heavily wounded.
The black bear completely misses you. The black bear claws you.
The black bear barely misses you.
Aiming: Sandblast (safe; 3% risk of failure)
Press: ? - help, Q - select action, (/) - cycle Shift-Dir - straight line, f/p - black bear
Aim: a black bear (heavily wounded, 85% to hit)
The blast of sand hits the black bear but does no damage.
The black bear is heavily wounded.
The black bear misses you. x2; The black bear claws you.
Casting: Sandblast (safe; 3% risk of failure)
Confirm with . or Enter, or press ? or * to list all spells.
The spell is extremely dangerous to miscast (22% risk of failure)!
Continue anyway?
Aiming: Stone Arrow (extremely dangerous; 22% risk of failure)
Press: ? - help, Shift-Dir - straight line, f/p - black bear
Aim: a black bear (heavily wounded, 74% to hit)
You miscast Stone Arrow.
You are very lightly contaminated with residual magic.
Nothing appears to happen.
The black bear misses you. x2
The black bear claws you but does no damage.
Casting: Stone Arrow (extremely dangerous; 22% risk of failure)
Confirm with . or Enter, or press ? or * to list all spells.
The spell is extremely dangerous to miscast (22% risk of failure)!
Continue anyway?
Aiming: Stone Arrow (extremely dangerous; 22% risk of failure)
Press: ? - help, Shift-Dir - straight line, f/p - black bear
Aim: a black bear (heavily wounded, 74% to hit)
The stone arrow hits the black bear!
The black bear is almost dead.
The black bear goes berserk!
Unknown command.
You aren't carrying any items that you can evoke.
It was a potion of flight.
You feel very buoyant.
You fly up into the air.
The black bear closely misses you. The black bear misses you.
The black bear barely misses you.
It was a potion of attraction.
You feel attractive to monsters. The black bear barely misses you.
The black bear claws you.
* * * LOW HITPOINT WARNING * * *
The black bear misses you. The black bear bites you.
You die...

####
#########h@#
##........###
#.........##
#..........#
#..........##
#...........#
#...........##
#............#
#...........##


You could see a black bear (berserk).

Vanquished Creatures
  4 gnolls (D:2)
  3 adders
  A worm (D:2)
  2 dart slugs
  4 orcs (D:3)
  4 ball pythons (D:2)
  3 endoplasms
  A giant cockroach (D:1)
  A goblin (D:2)
  3 hobgoblins
  A bat (D:3)
  4 frilled lizards
  2 kobolds (D:1)
  A rat (D:3)
34 creatures vanquished.

Notes
Turn   | Place    | Note
-------+----------+-------------------------------------------
     0 | D:1      | robertstho the Spriggan Earth Elementalist began the quest
                  | for the Orb.
     0 | D:1      | Reached XP level 1. HP: 9/9 MP: 5/5
   876 | D:1      | Reached XP level 2. HP: 10/13 MP: 7/7
  1127 | D:2      | Reached XP level 3. HP: 6/16 MP: 1/8
  1335 | D:1      | Learned a level 2 spell: Passwall
  1339 | D:1      | Learned a level 3 spell: Stone Arrow
  1596 | D:2      | Found an ornate altar of the Wu Jian Council.
  1604 | D:2      | Reached XP level 4. HP: 6/21 MP: 2/10
  1913 | D:2      | Found a faded altar of an unknown god.
  2489 | D:3      | Found the +7 Kryia's mail coat {PotionHeal*2 rC+}
  2763 | D:3      | Reached skill level 1 in Short Blades
  2800 | D:3      | You fall into a shaft and drop 3 floors!
  2800 | D:6      | Noticed Blork the orc
  2858 | D:6      | Noticed a black bear
  2895 | D:6      | Slain by a black bear

Illustrated notes

Levels and vault maps discovered:
D:1:      eino_arrival_cavern_d, layout_loops_cross, minmay_misc_feat_tiny,
          minivault_14
D:2:      layout_rooms, chequers_ecumenical_altar_twisty, basic_altar
D:3:      layout_basic, lemuel_doored_altar, minmay_surrounded
D:6:      layout_cave_pods, lemuel_coloured_pillars_altar,
          minmay_temple_entry_large_hall, uniq_blork_the_orc

Skill      XL: |  1  2  3  4 |
---------------+-------------+-----
Spellcasting   | 3 4 |  4.0
Earth Magic    | 3 |  3.4
Stealth        | 4 |  4.5
Short Blades   | 1 |  1.0
Fighting       | |  0.7
Dodging        | |  2.7
Transmutations | |  1.3

Action                   |  1- 3 |  4- 6 || total
-------------------------+-------+-------++-------
Melee: Unarmed           |    20 |       ||    20
       Short sword       |    27 |    43 ||    70
       Mace              |     6 |       ||     6
       Punch             |     1 |     1 ||     2
 Cast: Sandblast         |    24 |    23 ||    47
       Stone Arrow       |       |     1 ||     1
  Use: Scroll            |       |     3 ||     3
       Potion            |       |     2 ||     2
 Stab: Sleeping          |     4 |       ||     4
Armor: Robe              |     5 |     5 ||    10
Dodge: Dodged            |    49 |    61 ||   110

Table legend: (Time is in decaauts)
 A = Elapsed time spent in this place.
 B = Non-inter-level travel time spent in this place.
 C = Inter-level travel time spent in this place.
 D = Time resting spent in this place.
 E = Time spent auto-exploring this place.
 F = Levels seen in this place.
 G = Mean time per level.
                   A        B        C        D        E       F      G
               +--------+--------+--------+--------+--------+-----+--------+
         Total |   2415 |   2373 |     42 |    589 |   1453 |   4 |  603.8 |
       Dungeon |   2415 |   2373 |     42 |    589 |   1453 |   4 |  603.8 |
               +--------+--------+--------+--------+--------+-----+--------+

Top non-repeatable levels by time:
     D:1: 1056 daAuts
     D:2: 662 daAuts
     D:3: 629 daAuts
     D:6: 66 daAuts
